 Dungeon Crawl Stone Soup version 0.31.0-4-g52a2dc7128 (console) character file.

Game seed: 11447157824595578439

103 AlterAsc the Changeling (level 4, 0/23 HPs)
             Began as a Spriggan Shapeshifter on Jan 21, 2024.
             Killed by divine providence
             ... invoked by an orc priest
              (11 damage)
             ... on level 3 of the Dungeon.
             The game lasted 00:04:38 (2057 turns).

AlterAsc the Changeling (Spriggan Shapeshifter)     Turns: 2057, Time: 00:04:39

Health: 0/23       AC:  2    Str: 10    XL:     4   Next: 51%
Magic:  5/5        EV: 18    Int: 11    God:
Gold:   90         SH:  0    Dex: 16    Spells: 3/3 levels left

rFire   . .          .
                       - Unarmed
rCold   . . .        (no shield)
rNeg    . . .        a - +0 animal skin
rPois   .            (helmet currently unavailable)
rElec   .            (cloak currently unavailable)
rCorr   .            (gloves unavailable)
SInv    +            (boots unavailable)
Will    .....        (no amulet)
Stlth   +            (no ring)
HPRegen 0.23/turn    (no ring)
MPRegen 0.09/turn

%: no passive effects
@: beast-form, very quick
A: beast (slay +2), very small, no large weapons, unfitting armour, see
invisible, speed 3
a: Begin Untransformation


You were on level 3 of the Dungeon.
You were a hulking beast.
You visited 1 branch of the dungeon, and saw 3 of its levels.

You collected 90 gold pieces.

Inventory:

Armour
 a - a +0 animal skin (worn)
Talismans
 c - a beast talisman
 d - a flux talisman
Scrolls
 f - a scroll of blinking {unknown}
 g - a scroll of noise {unknown}
 i - a scroll of fog {unknown}
 j - 2 scrolls of teleportation {unknown}
 l - a scroll of enchant armour {unknown}
Potions
 b - a potion of lignification
 e - 2 potions of haste {unknown}
 k - a potion of curing {unknown}
 m - a potion of enlightenment {unknown}
 n - a potion of berserk rage {unknown}


   Skills:
 * Level 2.5 Fighting
 + Level 3.9 Dodging
 + Level 3.0 Unarmed Combat
 - Level 4.0 Shapeshifting


You had 3 spell levels left.
You didn't know any spells.
Your spell library contained the following spells:

 Spells                   Type           Power      Damage    Failure   Level
 Animate Armour           Summ/Erth      0%         N/A       98%         4
 Summon Lightning Spire   Summ/Air       0%         N/A       98%         4
 Lee's Rapid Deconstruct  Erth           0%         3d4*      100%        5


Dungeon Overview and Level Annotations

Branches:
Dungeon (3/15)

Altars:
Wu Jian


Innate Abilities, Weirdness & Mutations

You are a hulking beast.
Your limbs bulge with bestial killing power. (Slay +2)
You are very small and have problems with some larger weapons.
You are too small for most types of armour.
You have supernaturally acute eyesight. (SInv)
You cover ground extremely quickly. (Speed+++)


Message History

The adder barely misses you. The adder closely misses you.
You hit the adder.
The adder is severely wounded.
The adder bites you but does no damage.
You hit the adder.
The adder is almost dead.
The adder misses you.
You hit the adder.
You kill the adder!
No target in view!
A hobgoblin comes into view.
The hobgoblin shouts!
You hear a shout! x2
You hit the hobgoblin.
The hobgoblin is severely wounded.
The hobgoblin hits you.
You hit the hobgoblin.
You kill the hobgoblin!
No target in view!
An orc comes into view. It is wielding a +0 mace.
The orc shouts!
You hear a shout!
An orc priest comes into view. It is wielding a +0 hand axe.
The orc priest shouts!
An orc comes into view.
It is wielding a +1 short sword of venom.
Found a dagger.
An orc comes into view. It is wielding a +0 flail.
The orc completely misses you.
You hit the orc.
The orc is moderately wounded.
The orc misses you.
You hit the orc.
You kill the orc!
Things that are here:
a +0 mace; an orc corpse An orc breaks down the door.
The orc priest calls down the wrath of Beogh upon you.
Beogh smites you!
Ouch! That really hurt!
The orc priest calls down the wrath of Beogh upon you.
Beogh smites you!
You die...

##.## #.# #.# ###.##### #.#
#.# #.......# ##+## #.#
#.#...#.# ##...## ####.##
##..###..###.....## #......
#..## ##.<#.......## ##......
#..# #...........####.......
#..## ##...........+..........
#.>.###............####.......
#.##...##.#.......## ##.#.###
#.####.##.##.h.....# ###.# #.#
#.##.###...##.## #.#
#.####.##.# ##o.....## #.#
#.........# ##.......## #.#
######.#### #..##.##..# #.#
#.# #...#o#...# #.# #.#
##.#.....#.## #.#
##.#####..##.o.##..###.#
#............_......##.#
###.....†...##...##.#....#
#......###..#.....#...####


You could see an orc priest and an orc.

Vanquished Creatures
  Jessica (D:2)
  3 adders
  3 ribbon worms (D:2)
  A dart slug (D:2)
  An orc (D:3)
  2 bats (D:3)
  3 endoplasms
  A giant cockroach (D:3)
  3 goblins (D:2)
  3 hobgoblins
  4 jackals (D:2)
  2 kobolds (D:1)
  2 quokkas
  4 ball pythons
  3 frilled lizards
  4 rats
40 creatures vanquished.

Notes
Turn   | Place    | Note
-------+----------+-------------------------------------------
     0 | D:1      | AlterAsc the Spriggan Shapeshifter began the quest for the
                  | Orb.
     0 | D:1      | Reached XP level 1. HP: 9/9 MP: 2/2
   137 | D:1      | Found a faded altar of an unknown god.
   154 | D:1      | Reached skill level 1 in Fighting
   427 | D:1      | Reached XP level 2. HP: 12/14 MP: 3/3
   844 | D:2      | Reached XP level 3. HP: 8/18 MP: 4/4
   981 | D:2      | Noticed Jessica
  1078 | D:2      | Killed Jessica
  1079 | D:2      | Reached XP level 4. HP: 17/23 MP: 5/5
  1818 | D:3      | Found an ornate altar of the Wu Jian Council.
  2057 | D:3      | Killed from afar by an orc priest

Illustrated notes

Levels and vault maps discovered:
D:1:      spicycebolla_green_bress_n_ham, layout_basic,
          ebering_ecumenical_altar_mist
D:2:      layout_loops_ring, uniq_jessica
D:3:      layout_loops_corners, kennysheep_ying_yang,
          mainiacjoe_overflow_small_starburst, nicolae_overflow_crystal_walls,
          uniq_natasha

Skill      XL: |  1  2  3  4 |
---------------+-------------+-----
Fighting       | 1 2 |  2.5
Dodging        | 3 |  3.9
Unarmed Combat | 3 |  3.0
Shapeshifting  | |  4.0

Action                     |  1- 3 |  4- 6 || total
---------------------------+-------+-------++-------
  Melee: Unarmed           |    84 |    57 ||   141
         Punch             |     3 |     2 ||     5
  Throw: Stone             |     9 |     1 ||    10
   Stab: Sleeping          |     2 |     1 ||     3
 Armour: Animal skin       |    25 |    15 ||    40
  Dodge: Dodged            |    57 |    46 ||   103
